 Dungeon Crawl Stone Soup version 0.31-a0-703-gcfe89afef6 (webtiles) character file.

Game seed: 17700733765312449454

1736 arthad the Digger (level 8, -3/99 HPs)
             Began as a Yellow Draconian Earth Elementalist on Sept 9, 2023.
             Was a Follower of Vehumet.
             Slain by a yak (10 damage)
             ... on level 5 of the Dungeon.
             The game lasted 00:13:41 (5095 turns).

arthad the Digger (DrEE)                            Turns: 5095, Time: 00:13:42

Health: -3/99      AC: 24    Str: 11    XL:     8   Next: 76%
Magic:  1/15       EV:  2    Int: 17    God:    Vehumet [*.....]
Gold:   195        SH:  0    Dex: 12    Spells: 12/16 levels left

rFire   + . .        a - staff of fire
rCold   . . .        (no shield)
rNeg    . . .        (body armour unavailable)
rPois   +            (helmet currently unavailable)
rElec   .            (cloak currently unavailable)
rCorr   .            (gloves currently unavailable)
SInv    .            c - melded +0 pair of boots
Will    .....        (no amulet)
Stlth   +            (no ring)
HPRegen 0.36/turn    (no ring)
MPRegen 0.14/turn

%: no passive effects
@: mighty, tree-form, silenced
A: stationary, stasis, torment immunity, boosted hp, (spit acid), AC +6,
unfitting armour, (cold-blooded), (acid resistance)
a: Renounce Religion


You were on level 5 of the Dungeon.
You worshipped Vehumet.
Vehumet was aware of your devotion.
You were a tree.
You visited 2 branches of the dungeon, and saw 6 of its levels.

You collected 195 gold pieces.

Inventory:

Hand Weapons
 f - a +0 war axe
Missiles
 o - 5 poisoned darts
Armour
 c - a +0 pair of boots (melded)
 p - the +1 leather armour of the Good {Int+3}
   (You found it on level 4 of the Dungeon)

   Int+3:     It affects your intelligence (+3).
Magical Staves
 a - a staff of fire (weapon)
Scrolls
 b - 2 scrolls of poison
 d - a scroll of blinking
 e - 2 scrolls of noise
 i - 3 scrolls of teleportation
 k - a scroll of silence
 m - a scroll of enchant armour
 n - a scroll of immolation
Potions
 g - a potion of lignification


   Skills:
 + Level 3.7 Fighting
 + Level 3.4 Dodging
 + Level 3.7 Stealth
 * Level 4.7 Spellcasting
 * Level 4.3 Conjurations
 * Level 4.8 Transmutations
 * Level 5.6 Earth Magic


You had 12 spell levels left.
You knew the following spells:

 Your Spells              Type           Power      Damage    Failure   Level
a - Sandblast             Erth           46%        2d11      1%          1
b - Stone Arrow           Conj/Erth      40%        3d9       6%          3

Your spell library contained the following spells:

 Spells                   Type           Power      Damage    Failure   Level
 Magic Dart               Conj           72%        1d6       2%          1
 Passwall                 Tmut/Erth      17%        N/A       2%          2
 Petrify                  Tmut/Erth      21%        N/A       17%         4
 Ensorcelled Hibernation  Hex/Ice        8%         N/A       22%         2
 Jinxbite                 Hex            8%         N/A       22%         2
 Poisonous Vapours        Pois/Air       8%         N/A       22%         2
 Mephitic Cloud           Conj/Pois/Air  8%         N/A       24%         3
 Anguish                  Hex/Necr       2%         N/A       82%         4
 Passage of Golubria      Tloc           4%         N/A       82%         4
 Freezing Cloud           Conj/Ice/Air   4%         6-21      92%         5
 Silence                  Hex/Air        2%         N/A       99%         5
 Lehudib's Crystal Spear  Conj/Erth      10%        10d4      100%        8


Dungeon Overview and Level Annotations

Branches:
Dungeon (5/15)             Temple (1/1) D:4

Altars:
Ashenzari
Cheibriados
Dithmenos
Elyvilon
Fedhas
Gozag
Nemelex Xobeh
Okawaru
Qazlal
Ru
Sif Muna
Trog
Uskayaw
Vehumet
Wu Jian
Xom
The Shining One

Shops:
D:2 *


Innate Abilities, Weirdness & Mutations

You are a tree.
Your roots penetrate the ground, keeping you stationary.
You cannot be teleported.
You are immune to unholy pain and torment.
Your maximum health is greatly increased.
Your equipment is partially melded.
((You can spit globs of acid.))
((Your golden yellow scales are hard. (AC +6)))
You cannot fit into any form of body armour.
((You are cold-blooded and may be slowed by cold attacks.))
((You are resistant to acid. (rCorr)))


Message History

You hit the yak.
The yak is almost dead.
The yak gores you but does no damage.
Aiming: Sandblast (safe; 1% risk of failure)
Press: ? - help, Q - select action, (/) - cycle Shift-Dir - straight line, f/p - yak
Aim: a yak (almost dead, 90% to hit)
The blast of sand hits the yak but does no damage.
The yak is almost dead.
The yak gores you but does no damage. The yak gores you!
* * * LOW HITPOINT WARNING * * *
Aiming: Sandblast (safe; 1% risk of failure)
Press: ? - help, Q - select action, (/) - cycle Shift-Dir - straight line, f/p - yak
Aim: a yak (almost dead, 90% to hit)
The blast of sand misses the yak.
The blast of sand hits the yak but does no damage.
The yak gores you but does no damage.
Aiming: Sandblast (safe; 1% risk of failure)
Press: ? - help, Q - select action, (/) - cycle Shift-Dir - straight line, f/p - yak
Aim: a yak (almost dead, 90% to hit)
The blast of sand hits the yak but does no damage.
The yak is almost dead.
The yak gores you but does no damage. x2
You don't have enough magic to cast this spell.
You don't have enough magic to cast this spell.
You hit the yak.
The yak is almost dead.
The yak gores you but does no damage.
You hit the yak.
You kill the yak!
Vehumet accepts your kill.
Okay, then.
Okay, then.
As you read the scroll labelled SIF WEXAONADAB, it crumbles to dust.
A profound silence engulfs you.
It was a scroll of silence.
The yak gores you but does no damage.
Magic scrolls do not work when you're silenced!
You hit the yak.
The yak is lightly wounded.
The yak gores you but does no damage. The yak gores you!
You die...

##.#########
......Y♣...#
##.#######.#
#.# #.# #.#
#.######
#......#
######.# #.#


You could see a yak.

Vanquished Creatures
  Sigmund (D:3)
  5 yaks (D:5)
  A black bear (D:5)
  An ogre (D:5)
  A scorpion (D:5)
  3 jellies (D:2)
  An orc priest (D:3)
  A gnoll bouda (D:3)
  A hound (D:4)
  A sleepcap (D:5)
  An iguana (D:5)
  3 orc wizards
  Natasha (twice) (D:3)
  8 gnolls
  10 adders
  An ufetubus (D:5)
  A worm (D:2)
  14 orcs
  15 endoplasms
  4 giant cockroaches
  4 goblins
  4 hobgoblins
  2 jackals (D:2)
  5 quokkas
  5 ball pythons
  3 bats
  3 frilled lizards
  12 kobolds
  6 rats
119 creatures vanquished.

Notes
Turn   | Place    | Note
-------+----------+-------------------------------------------
     0 | D:1      | arthad the Draconian Earth Elementalist began the quest for
                  | the Orb.
     0 | D:1      | Reached XP level 1. HP: 14/14 MP: 3/3
   239 | D:1      | Reached XP level 2. HP: 22/22 MP: 1/5
   547 | D:1      | Reached XP level 3. HP: 27/27 MP: 4/6
   601 | D:1      | Found a faded altar of an unknown god.
   768 | D:2      | Reached skill level 1 in Fighting
   792 | D:2      | Reached skill level 1 in Conjurations
   868 | D:2      | Reached XP level 4. HP: 35/35 MP: 4/7
  1269 | D:2      | You fall into a shaft and drop 2 floors!
  1394 | D:2      | Learned a level 3 spell: Stone Arrow
  1434 | D:2      | Found Weck's General Store.
  1863 | D:2      | Reached XP level 5. HP: 40/40 MP: 4/9
  2437 | D:3      | Reached skill level 4 in Earth Magic
  2437 | D:3      | Reached XP level 6. HP: 48/48 MP: 1/10
  2919 | D:3      | Noticed Sigmund
  2924 | D:3      | Killed Sigmund
  2925 | D:3      | Your scales start taking on a golden yellow colour.
  2925 | D:3      | Reached XP level 7. HP: 54/55 MP: 7/12
  2925 | D:3      | Gained mutation: You are resistant to acid. (rCorr) [Yellow
                  | Draconian growth]
  3018 | D:3      | Noticed Natasha
  3022 | D:3      | Killed Natasha
  3085 | D:3      | Noticed Natasha
  3090 | D:3      | Killed Natasha
  3436 | D:4      | Found a staircase to the Ecumenical Temple.
  3490 | D:4      | Identified the +1 leather armour of the Good {Int+3}
  3533 | Temple   | Entered the Ecumenical Temple
  3547 | Temple   | Became a worshipper of Vehumet
  4596 | D:5      | Entered Level 5 of the Dungeon
  4883 | D:5      | Reached XP level 8. HP: 56/63 MP: 7/14
  4961 | D:5      | Reached skill level 5 in Earth Magic
  5068 | D:5      | Reached * piety under Vehumet
  5068 | D:5      | Offered knowledge of Magic Dart by Vehumet.
  5075 | D:5      | HP: 2/64 [yak (12)]
  5089 | D:5      | HP: 4/96 [yak (12)]
  5095 | D:5      | Slain by a yak

Illustrated notes

Levels and vault maps discovered:
D:1:      sevenhm_arrival_forest_fort_small_6, layout_rooms,
          dreamdust_ecumenical_altar_hidden_monk_grotto
D:2:      cheibrodos_fertilizer, layout_loops_ring, serial_shops,
          nicolae_shop_rolling_square, eino_tiny_chamber
D:3:      layout_basic, uniq_sigmund, uniq_natasha
D:4:      corexii_shack_village, layout_layer_cave, minmay_temple_entry_ruins,
          hangedman_decor_growths
D:5:      layout_loops_ring
Temple:   sentei_temple_godly_chess

Skill      XL: |  1  2  3  4  5  6  7  8 |
---------------+-------------------------+-----
Dodging        | 2 3 |  3.4
Stealth        | 2 3 |  3.7
Fighting       | 1 2 3 |  3.7
Transmutations | 2 3 4 |  4.8
Conjurations   | 1 2 3 4 |  4.3
Spellcasting   | 3 4 |  4.7
Earth Magic    | 4 5 |  5.6

Action                     |  1- 3 |  4- 6 |  7- 9 || total
---------------------------+-------+-------+-------++-------
  Melee: Unarmed           |    16 |     1 |       ||    17
         Tailslap          |     2 |     1 |     1 ||     4
         Staff             |       |     4 |    17 ||    21
   Cast: Sandblast         |    33 |    93 |    93 ||   219
Ability: Breathe Acid      |       |       |     1 ||     1
    Use: Potion            |       |     1 |     7 ||     8
         Scroll            |       |     5 |     4 ||     9
   Stab: Sleeping          |       |     1 |     1 ||     2
 Armour: Skin              |    20 |    36 |    71 ||   127
  Dodge: Dodged            |    22 |    37 |    35 ||    94

Table legend: (Time is in decaauts)
 A = Elapsed time spent in this place.
 B = Non-inter-level travel time spent in this place.
 C = Inter-level travel time spent in this place.
 D = Time resting spent in this place.
 E = Time spent auto-exploring this place.
 F = Levels seen in this place.
 G = Mean time per level.
                   A        B        C        D        E       F      G
               +--------+--------+--------+--------+--------+-----+--------+
         Total |   5208 |   5062 |    146 |     62 |   4133 |   6 |  868.0 |
       Dungeon |   5189 |   5043 |    146 |     62 |   4133 |   5 | 1037.8 |
        Temple |     18 |     18 |      0 |      0 |      0 |   1 |   18.0 |
               +--------+--------+--------+--------+--------+-----+--------+

Top non-repeatable levels by time:
     D:4: 1363 daAuts
     D:2: 1332 daAuts
     D:3: 1232 daAuts
     D:1: 730 daAuts
     D:5: 530 daAuts
  Temple: 18 daAuts
